 Dungeon Crawl Stone Soup version 0.22.1-2-g9c5b331 (webtiles) character file.

270 WarriorsX the Chiller (level 6, 0/45 HPs)
             Began as a Draconian Ice Elementalist on Dec 28, 2018.
             Slain by a gnoll
             ... wielding a +2 halberd of freezing
              (4 damage)
             ... on level 4 of the Dungeon.
             The game lasted 00:09:01 (3993 turns).

WarriorsX the Chiller (Draconian Ice Elementalist)  Turns: 3993, Time: 00:09:03

Health: 0/45       AC:  7    Str: 11    XL:     6   Next: 1%
Magic:  10/12      EV: 12    Int: 17    God:
Gold:   140        SH:  0    Dex: 11    Spells: 12/13 levels left

rFire    . . .     SeeInvis .   m - +0 falchion
rCold    . . .     Gourm    .   (no shield)
rNeg     . . .     Faith    .   (armour unavailable)
rPois    .         Spirit   .   (helmet restricted)
rElec    .         Reflect  .   (no cloak)
rCorr    .         Harm     .   i - +0 pair of gloves
MR       .....                  (no boots)
Stlth    ++........             (no amulet)
HPRegen  0.15/turn              (no ring)
MPRegen  0.13/turn              (no ring)

@: slowed, very slow
A: unfitting armour, cold-blooded, AC +6
a: no special abilities


You were on level 4 of the Dungeon.
You were not hungry.

You visited 1 branch of the dungeon, and saw 4 of its levels.

You collected 140 gold pieces.

Inventory:

Hand Weapons
 m - a +0 falchion (weapon)
Armour
 i - a +0 pair of gloves (worn)
Jewellery
 g - an uncursed ring of protection from magic {unknown}
Wands
 v - a wand of disintegration (5)
Scrolls
 a - 2 scrolls of magic mapping {unknown}
 c - 2 scrolls of immolation {unknown}
 d - a scroll of amnesia {unknown}
 j - 2 scrolls of fog {unknown}
 l - a scroll of fear {unknown}
 n - a scroll of teleportation {unknown}
 q - 3 scrolls of identify {unknown}
 s - 2 scrolls of enchant armour {unknown}
Potions
 e - 2 potions of agility {unknown}
 f - 3 potions of lignification {unknown}
 h - a potion of berserk rage {unknown}
 k - a potion of ambrosia {unknown}
 o - 2 potions of curing {unknown}
 p - a potion of heal wounds {unknown}
 r - a potion of magic {unknown}
 u - a potion of might {unknown}
Comestibles
 b - 4 rations


   Skills:
 - Level 1.0 Long Blades
 - Level 1.7 Dodging
 - Level 3.0 Stealth
 - Level 4.0 Spellcasting
   Level 1.0 Conjurations
 - Level 4.2 Ice Magic
 + Level 1.7 Evocations


You had 12 spell levels left.
You knew the following spells:

 Your Spells              Type           Power        Failure   Level  Hunger
a - Freeze                Ice            ###.         2%          1    None

Your spell library contained the following spells:

 Spells                   Type           Power        Failure   Level  Hunger
 Throw Frost              Conj/Ice       ##....       9%          2    ##.....
 Ozocubu's Armour         Chrm/Ice       ##......     21%         3    ###....
 Throw Icicle             Conj/Ice       ##......     47%         4    ####...
 Summon Ice Beast         Ice/Summ       ##......     54%         4    ####...


Dungeon Overview and Level Annotations

Branches:
Dungeon (4/15)
 Temple: D:4-7

Altars:
Kikubaaqudgha


Innate Abilities, Weirdness & Mutations

Your plain brown scales are hard. (AC +6)
You cannot fit into any form of body armour.
You are cold-blooded and may be slowed by cold attacks.


Message History

Press: ? - help, Shift-Dir - straight line, f - gnoll
Aim: a gnoll, wielding a quarterstaff (heavily wounded)
You freeze the gnoll.
The gnoll is severely wounded.
A gnoll comes into view. It is wielding a vampiric whip.
The gnoll misses you.
The gnoll hits you from afar with a halberd of freezing.
You feel yourself slow down. The gnoll freezes you.
Casting: Freeze (safe; 2% risk of failure)
Confirm with . or Enter, or press ? or * to list all spells.
Aiming: Freeze (safe; 2% risk of failure)
Press: ? - help, Shift-Dir - straight line, f/p - gnoll
Aim: a gnoll, wielding a quarterstaff (severely wounded)
You freeze the gnoll.
The gnoll is almost dead.
The gnoll hits you with a quarterstaff.
The gnoll hits you from afar with a halberd of freezing!
* * * LOW HITPOINT WARNING * * *
The gnoll freezes you.
You die...

.########.(...###
............>....
................
########.#######
#.# #.# #.#
###############.#
#.g..ggg@.......#
#†###############
g.%......#
########.# .# .#
.# .# .#


You could see 4 gnolls.

Vanquished Creatures
  A jelly (D:2)
  2 centaur skeletons (D:4)
  Robin (D:3)
  3 adders
  8 oozes (D:2)
  A worm (D:2)
  2 leopard geckos
  4 orcs (D:3)
  7 bats
  4 giant cockroaches
  24 goblins
  10 hobgoblins
  7 jackals
  13 kobolds
  3 frilled lizards
  7 rats
97 creatures vanquished.

Vanquished Creatures (others)
  A fungus (D:2)
  8 toadstools (D:2)
9 creatures vanquished.

Grand Total: 106 creatures vanquished

Notes
Turn   | Place    | Note
-------+----------+-------------------------------------------
     0 | D:1      | WarriorsX the Draconian Ice Elementalist began the quest
                  | for the Orb.
     0 | D:1      | Reached XP level 1. HP: 14/14 MP: 3/3
   207 | D:1      | Reached XP level 2. HP: 9/20 MP: 0/5
  1218 | D:2      | Reached XP level 3. HP: 22/26 MP: 6/6
  1402 | D:2      | Reached skill level 1 in Long Blades
  1402 | D:2      | Reached XP level 4. HP: 17/33 MP: 5/8
  2743 | D:3      | Reached XP level 5. HP: 29/38 MP: 2/10
  2987 | D:3      | Found an ancient bone altar of Kikubaaqudgha.
  3337 | D:4      | Noticed Robin
  3354 | D:3      | Killed Robin
  3922 | D:4      | Reached skill level 1 in Evocations
  3974 | D:4      | Reached XP level 6. HP: 41/45 MP: 12/12
  3993 | D:4      | Slain by a gnoll

Skill      XL: |  1  2  3  4  5 |
---------------+----------------+-----
Ice Magic      | 4 |  4.2
Long Blades    | 1 |  1.0
Spellcasting   | 3 4 |  4.0
Stealth        | 3 |  3.0
Evocations     | 1 |  1.7
Dodging        | |  1.7
Conjurations   | |  1.0

Action                   |  1- 3 |  4- 6 || total
-------------------------+-------+-------++-------
Melee: Whip              |    82 |       ||    82
       Tailslap          |    10 |    22 ||    32
       Falchion          |    29 |   156 ||   185
 Cast: Freeze            |     4 |    35 ||    39
Evoke: Wand              |       |     4 ||     4
  Use: Scroll            |       |     1 ||     1
 Stab: Sleeping          |     3 |     4 ||     7
  Eat: Chunk             |     1 |     9 ||    10
Armor: Skin              |    25 |    82 ||   107
Dodge: Dodged            |    89 |   193 ||   282
       Rpst.: Falchion   |     7 |    53 ||    60
